 Dungeon Crawl Stone Soup version 0.30-a0-373-gd37427b (webtiles) character file.

Game seed: 13580408176737746075

46 Dorkslayer the Trooper (level 3, -3/33 HPs)
             Began as a Hill Orc Fighter on Nov 24, 2022.
             Slain by a gnoll
             ... wielding a +0 club
              (6 damage)
             ... on level 4 of the Dungeon.
             The game lasted 00:04:30 (2038 turns).

Dorkslayer the Trooper (Hill Orc Fighter)           Turns: 2038, Time: 00:04:31

Health: -3/33      AC:  6    Str: 20    XL:     3   Next: 66%
Magic:  3/3        EV:  9    Int:  8    God:
Gold:   113        SH:  4    Dex: 10    Spells: 2/2 levels left

rFire   + . .      SeeInvis .    a - +0 war axe
rCold   . . .      Faith    .    c - +0 buckler
rNeg    . . .      Spirit   .    b - +0 scale mail
rPois   .          Reflect  .    (no helmet)
rElec   .          Harm     .    (no cloak)
rCorr   .          Rampage  .    (no gloves)
Will    .....                    (no boots)
Stlth   ..........               (no amulet)
HPRegen 0.25/turn                m - ring of protection from fire
MPRegen 0.08/turn                (no ring)

@: mighty
A: no striking features
a: no special abilities


You were on level 4 of the Dungeon.
You visited 1 branch of the dungeon, and saw 5 of its levels.

You collected 113 gold pieces.

Inventory:

Hand Weapons
 a - a +0 war axe (weapon)
Missiles
 k - 15 boomerangs (quivered)
Armour
 b - a +0 scale mail (worn)
 c - a +0 buckler (worn)
Jewellery
 m - a ring of protection from fire (left hand)
Scrolls
 f - a scroll of enchant weapon {unknown}
 g - 3 scrolls of identify {unknown}
 i - a scroll of magic mapping {unknown}
 l - 2 scrolls of noise {unknown}
Potions
 e - a potion of degeneration {unknown}
 h - 2 potions of lignification {unknown}
 j - 2 potions of curing {unknown}
 n - a potion of resistance {unknown}
 o - a potion of haste {unknown}
 p - a potion of invisibility {unknown}
 q - a potion of magic {unknown}


   Skills:
 + Level 4.1 Fighting
 + Level 3.3 Axes
 * Level 0.4 Throwing
 + Level 3.6 Armour
 * Level 0.8 Dodging
 + Level 3.6 Shields


You had 2 spell levels left.
You didn't know any spells.
Your spell library contained the following spells:

 Spells                   Type           Power      Damage    Failure   Level
 Slow                     Hex            0%         N/A       85%         1
 Confusing Touch          Hex            0%         N/A       99%         3
 Vampiric Draining        Necr           0%         2d6       99%         3


Dungeon Overview and Level Annotations

Branches:
Dungeon (5/15)
 Temple: D:4-7

Altars:


Message History

p - a bubbling white potion
There is a stone staircase leading up here.
An ice beast comes into view.
You see here 11 gold pieces.
There is a stone staircase leading up here.
You climb upwards.
There is a stone staircase leading down here.
There is a stone staircase leading down here.
Found a bubbling sapphire potion.
A ball python comes into view.
The ball python hisses angrily.
You see here a bubbling sapphire potion.
q - a bubbling sapphire potion The ball python barely misses you.
The ball python grabs you. The ball python constricts you.
You slash the ball python!
You kill the ball python!
A gnoll comes into view. It is wielding a +0 club.
The gnoll shouts!
You hear a shout!
The gnoll moves out of view.
You see here a ball python corpse.
A gnoll comes into view. It is wielding a +0 club.
Found 12 gold pieces.
The gnoll shouts!
You hear a shout!
A gnoll comes into view. It is wielding a +0 halberd.
You block the gnoll's attack. The gnoll hits you with a +0 club.
You block the gnoll's attack.
You feel very mighty all of a sudden. The gnoll hits you with a +0 club. x2
The gnoll hits you from afar with a +0 halberd.
You barely miss the gnoll. You slash the gnoll! You block the gnoll's attack.
The gnoll closely misses you. You block the gnoll's attack.
You barely miss the gnoll. You hit the gnoll.
You kill the gnoll!
The gnoll closely misses you.
The gnoll hits you from afar with a +0 halberd.
The gnoll hits you from afar with a +0 halberd!
* * * LOW HITPOINT WARNING * * *
The gnoll hits you with a +0 club.
You die...

###### ....# #..##
.### #...###
....##....)#####
#.......@gg.#
##..†#####$.#
#..## ..# ##..#
... #####...# ##.
........### #####
#####.....###.>.##
#.####....#..##
... #######..##


You could see 2 gnolls.

Vanquished Creatures
  A gnoll (D:4)
  An adder (D:2)
  A dart slug (D:1)
  6 ball pythons
  3 endoplasms
  4 goblins
  5 hobgoblins
  4 jackals (D:2)
  A kobold (D:2)
  5 bats
  2 frilled lizards
33 creatures vanquished.

Notes
Turn   | Place    | Note
-------+----------+-------------------------------------------
     0 | D:1      | Dorkslayer the Hill Orc Fighter began the quest for the
                  | Orb.
     0 | D:1      | Reached XP level 1. HP: 19/19 MP: 1/1
   269 | D:1      | Reached XP level 2. HP: 27/27 MP: 2/2
   878 | D:2      | Reached skill level 4 in Fighting
   926 | D:2      | Reached XP level 3. HP: 33/33 MP: 3/3
  1940 | D:3      | You fall into a shaft and drop 2 floors!
  1940 | D:5      | Entered Level 5 of the Dungeon
  1990 | D:5      | Noticed an ice beast
  2038 | D:4      | Slain by a gnoll

Illustrated notes

Levels and vault maps discovered:
D:1:      nzn_arrival_depleted_hourglass, layout_basic,
          minmay_misc_feat_diagonals
D:2:      layout_basic, serial_forest, infiniplex_forest_clump_diagonal,
          infiniplex_forest_lined_corner, infiniplex_forest_end_1,
          infiniplex_forest_3_way, infiniplex_forest_lined_3_way,
          infiniplex_forest_fountain, infiniplex_forest_end_2,
          infiniplex_forest_clump_cross, infiniplex_forest_lined_room_2,
          infiniplex_forest_3_way
D:3:      gammafunk_steamed_eel, layout_basic, nzn_wu_jian_council_hall,
          mainiacjoe_overflow_small_starburst, minmay_misc_feat_ornament,
          minmay_misc_feat_plants, uniq_natasha
D:4:      layout_layer_cave, temple_hall
D:5:      layout_basic, kennysheep_generic_room_16, uniq_sigmund

Skill      XL: |  1  2 |
---------------+-------+-----
Axes           | 3 |  3.3
Fighting       | 4 |  4.1
Throwing       | |  0.4
Armour         | |  3.6
Dodging        | |  0.8
Shields        | |  3.6

Action                   || total
-------------------------++-------
Melee: War axe           ||    90
  Use: Potion            ||     1
Armor: Scale mail        ||    45
Dodge: Dodged            ||    56
Block: Buckler           ||    19

Table legend: (Time is in decaauts)
 A = Elapsed time spent in this place.
 B = Non-inter-level travel time spent in this place.
 C = Inter-level travel time spent in this place.
 D = Time resting spent in this place.
 E = Time spent auto-exploring this place.
 F = Levels seen in this place.
 G = Mean time per level.
                   A        B        C        D        E       F      G
               +--------+--------+--------+--------+--------+-----+--------+
         Total |   2071 |   2071 |      0 |      0 |   1288 |   5 |  414.2 |
       Dungeon |   2071 |   2071 |      0 |      0 |   1288 |   5 |  414.2 |
               +--------+--------+--------+--------+--------+-----+--------+

Top non-repeatable levels by time:
     D:2: 1136 daAuts
     D:1: 837 daAuts
     D:5: 56 daAuts
     D:4: 41 daAuts
